 Dungeon Crawl Stone Soup version 0.20-a0-738-gb057e68 (webtiles) character file.

176 AlphabetPasta the Grasshopper (level 5, 0/40 HPs)
             Began as a Barachian Warper on Feb 23, 2017.
             Slain by a bullfrog skeleton (3 damage)
             ... on level 3 of the Dungeon.
             The game lasted 00:12:48 (3428 turns).

AlphabetPasta the Grasshopper (Barachian Warper)    Turns: 3428, Time: 00:12:49

Health: 0/40       AC:  3    Str: 12    XL:     5   Next: 56%
Magic:  5/8        EV: 12    Int: 14    God:
Gold:   100        SH:  0    Dex: 12    Spells: 2/9 levels left

rFire    . . .     SeeInvis .   a - +0 falchion
rCold    . . .     Gourm    .   b - +0 leather armour
rNeg     . . .     Faith    .   (no shield)
rPois    .         Spirit   .   (no helmet)
rElec    .         Reflect  .   (no cloak)
rCorr    .         Harm     .   (no gloves)
MR       .....                  (no boots)
Stlth    +.........             (no amulet)
Regen    0.2/turn               (no ring)
MPRegen  0.2/turn               (no ring)

@: can't hop, very slightly contaminated, invisible, slow
A: swims, slowness 1, strong legs 1
a: Hop


You were on level 3 of the Dungeon.
You were not hungry.

You visited 1 branch of the dungeon, and saw 3 of its levels.

You collected 100 gold pieces.

Inventory:

Hand Weapons
 a - a +0 falchion (weapon)
Missiles
 e - 4 tomahawks of dispersal
 n - 4 javelins (quivered)
Armour
 b - a +0 leather armour (worn)
Wands
 g - a wand of enslavement (10/24)
 o - a wand of scattershot (3/9)
 r - a wand of digging (2/24)
Scrolls
 d - a scroll of blinking
 j - a scroll of random uselessness {unknown}
 q - a scroll of identify
 s - a scroll of enchant weapon {unknown}
 u - a scroll of fog
 v - a scroll of immolation {unknown}
Potions
 h - a potion of berserk rage
 i - a potion of agility
 p - a potion of magic
Books
 c - a book of Spatial Translocations

   Spells                             Type                      Level
   a - Blink                          Translocation                2
   b - Shroud of Golubria             Charms/Translocation         2
   c - Lesser Beckoning               Translocation                3
   d - Gell's Gravitas                Translocation                3
   e - Teleport Other                 Translocation                3
   f - Passage of Golubria            Translocation                4
Comestibles
 f - 2 bread rations
 l - 3 meat rations
 m - 2 royal jellies
 t - a chunk of flesh


   Skills:
 + Level 2.9 Fighting
 * Level 3.6 Long Blades
 - Level 1.1 Throwing
 + Level 2.1 Armour
 + Level 2.5 Dodging
 + Level 2.5 Spellcasting
 * Level 3.9 Translocations


You had 2 spell levels left.
You knew the following spells:

 Your Spells              Type           Power        Failure   Level  Hunger
a - Blink                 Tloc           N/A          10%         2    ###....
b - Shroud of Golubria    Chrm/Tloc      #.........   21%         2    ###....
c - Teleport Other        Tloc           ##......     17%         3    ###....


Dungeon Overview and Level Annotations

Branches:
Dungeon (3/15)

Altars:
Xom


Innate Abilities, Weirdness & Mutations

You can swim through water.
You cover ground slowly.
You can hop short distances.


Message History

The bullfrog skeleton barely misses you.
You hit the bullfrog skeleton.
The bullfrog skeleton is almost destroyed.
The bullfrog skeleton hits you!
* * * LOW HITPOINT WARNING * * *
The bullfrog skeleton hits you.
* * * LOW HITPOINT WARNING * * *
The bullfrog skeleton hits you.
* * * LOW HITPOINT WARNING * * *
Okay, then.
Hop to where?
Press: ? - help, Dir - move target cursor Boing!
You fade into invisibility!
The bullfrog skeleton barely misses you.
You riposte.
You completely miss the bullfrog skeleton.
The bullfrog skeleton is almost destroyed.
The bullfrog skeleton hits you.
You die...

###.#########...##
#)........##.#.#.###
#.#.#####.......... ##
#.#.########.#.#.#
.######.#......<....gl.#
......#.#.##########.#.....#
..........####### #.#.....#
<####..#........####l#g...##
^# #...........@Z.g.#.#.##
.# #.##.##.###.######.#.#
.####.##.##.# #.# .# #
.........##.###.# ..
.##########.##.(# .# #.##(##
#..# .# #.##.# #..# .#
#.##.# #..# .# #.##.# #####
#..#


You could see a leopard gecko, a goblin and a bullfrog skeleton.

Vanquished Creatures
  A scorpion (D:3)
  7 adders
  2 dart slugs
  3 leopard geckos
  An orc (D:3)
  A ball python (D:2)
  2 giant cockroaches
  6 hobgoblins
  11 kobolds
  A quokka (D:2)
  11 bats
  6 frilled lizards
  8 goblins
  4 rats
64 creatures vanquished.

Notes
Turn   | Place    | Note
-------+----------+-------------------------------------------
     0 | D:1      | AlphabetPasta the Barachian Warper began the quest for the Orb.
     0 | D:1      | Reached XP level 1. HP: 16/16 MP: 3/3
   119 | D:1      | Reached skill level 1 in Throwing
   333 | D:1      | Reached XP level 2. HP: 19/22 MP: 5/5
   340 | D:1      | Learned a level 2 spell: Blink
   343 | D:1      | Learned a level 2 spell: Shroud of Golubria
   722 | D:1      | Found a shimmering altar of Xom.
   737 | D:1      | Found a shimmering altar of Xom.
   737 | D:1      | Found a deep blue altar of Sif Muna.
   739 | D:1      | Found a sacrificial altar of Ru.
   739 | D:1      | Found an ornate altar of the Wu Jian Council.
   739 | D:1      | Found a glowing golden altar of the Shining One.
   955 | D:2      | Reached XP level 3. HP: 28/28 MP: 6/6
   985 | D:2      | Learned a level 2 spell: Shroud of Golubria
  1628 | D:2      | Reached XP level 4. HP: 7/34 MP: 7/7
  2175 | D:2      | Learned a level 3 spell: Teleport Other
  3034 | D:3      | Reached XP level 5. HP: 40/40 MP: 4/8
  3423 | D:3      | HP: 2/40 [bullfrog skeleton (5)]
  3428 | D:3      | Slain by a bullfrog skeleton

Vault maps used:
D:1:      dpeg_arrival_pond, serial_forest, infiniplex_forest_clump_small,
          infiniplex_forest_straight_5, infiniplex_forest_clump_double,
          infiniplex_forest_clump_curved, infiniplex_forest_side_room,
          infiniplex_forest_clump_small, infiniplex_forest_lined_2,
          infiniplex_forest_clump_curved, infiniplex_forest_lined_2,
          hangedman_decor_points, doesnt_xom_only_xom
D:2:      first_bread
D:3:      kennysheep_crisscross

Skill      XL: |  1  2  3  4  5 |
---------------+----------------+-----
Throwing       | 1 |  1.1
Long Blades    | 3 |  3.6
Armour         | 2 |  2.1
Fighting       | |  2.9
Dodging        | |  2.5
Spellcasting   | |  2.5
Translocations | |  3.9

Action                   |  1- 3 |  4- 6 || total
-------------------------+-------+-------++-------
Melee: Falchion          |   164 |    93 ||   257
Throw: Tomahawk          |     1 |       ||     1
       Javelin           |       |     9 ||     9
 Cast: Shroud of Golubri |     1 |     9 ||    10
 Abil: Hop               |     2 |     1 ||     3
  Use: Scroll            |     3 |     5 ||     8
       Potion            |     1 |     1 ||     2
 Stab: Sleeping          |     1 |     1 ||     2
  Eat: Chunk             |     3 |     5 ||     8
       Royal jelly       |       |     1 ||     1
Armor: Leather armour    |    45 |    18 ||    63
Dodge: Dodged            |    91 |    61 ||   152
       Rpst.: Falchion   |    25 |    25 ||    50
